MWL
WAUSAU TIMBERS @ DECATUR COMMODORES
05/24/1982
 
TOP OF THE 1ST
Wausau Timbers batting - Pitching for Decatur Commodores : LHP Rob Murphy
Pitching: LHP Rob Murphy
Batting: RHB John Nicolo 0-0: Swinging Strike
0-1: Ball
1-1: Swinging Strike
1-2: Foul Ball, location: 2F
1-2: Ball
2-2: Ground out 4-3 (Groundball, 4, EV 103.1 MPH)
Batting: LHB Rodney Nealeigh 0-0: Ground out 4-3 (Groundball, 4, EV 80.0 MPH)
Batting: RHB Rich Renteria 0-0: Ball
1-0: Ball
2-0: Ball
3-0: Called Strike
3-1: Base on Balls
Batting: SHB James Flores 0-0: Ball
1-0: Fly out, F8 (Flyball, 8LD, EV 87.5 MPH)
Top of the 1st over - 0 runs, 0 hits, 0 errors, 1 left on base; Wausau 0 - Decatur 0
BOTTOM OF THE 1ST
Decatur Commodores batting - Pitching for Wausau Timbers : LHP Karl Steffen
Pitching: LHP Karl Steffen
Batting: LHB Alexis Marte 0-0: Ball
1-0: Called Strike
1-1: Ground out 4-3 (Groundball, 4, EV 100.6 MPH)
Batting: SHB Roger Holt 0-0: Called Strike
0-1: Swinging Strike
0-2: Foul Ball, location: 2F
0-2: Foul Ball, location: 2F
0-2: Ball
1-2: Foul Ball, location: 2F
1-2: TRIPLE (Line Drive, 9D, EV 105.6 MPH)
Batting: SHB Rondin Johnson 0-0: Fly out, F5 (Line Drive, 5, EV 64.4 MPH)
Batting: LHB David Showalter 0-0: Called Strike
0-1: Called Strike
0-2: Fly out, F9 (Flyball, 89D, EV 90.0 MPH)
Bottom of the 1st over - 0 runs, 1 hit, 0 errors, 1 left on base; Wausau 0 - Decatur 0
TOP OF THE 2ND
Wausau Timbers batting - Pitching for Decatur Commodores : LHP Rob Murphy
Batting: RHB Douglas Davis 0-0: Foul Ball, location: 2F
0-1: Called Strike
0-2: Ball
1-2: Ball
2-2: Strikes out looking
Batting: RHB Bruce Chaney 0-0: Called Strike
0-1: Ball
1-1: Ball
2-1: Ball
3-1: Base on Balls
Batting: RHB Jeffrey Young 0-0: Ball
1-0: Ball
2-0: Foul Ball, location: 2F
2-1: Ball
3-1: Called Strike
3-2: SINGLE (Groundball, 6MD, EV 95.6 MPH)
Bruce Chaney to second
Throwing error, E8
Bruce Chaney scores
Jeffrey Young to second
Batting: RHB John Pignotti 0-0: Ball
1-0: Foul Ball, location: 2F
1-1: Fly out, F8 (Line Drive, 8RM, EV 90.6 MPH)
Batting: LHB Jerry Morton 0-0: Called Strike
0-1: Ball
Wild Pitch!
Jeffrey Young to third
1-1: Ball
2-1: Ball
3-1: Foul Ball, location: 2F
3-2: Strikes out looking
Top of the 2nd over - 1 run, 1 hit, 1 error, 1 left on base; Wausau 1 - Decatur 0
BOTTOM OF THE 2ND
Decatur Commodores batting - Pitching for Wausau Timbers : LHP Karl Steffen
Batting: RHB Miguelito DeLaCruz 0-0: Ball
1-0: Ball
2-0: Ground out 6-3 (Groundball, 6, EV 83.1 MPH)
Batting: LHB Jerry Miller 0-0: Ball
1-0: SINGLE (Groundball, 34S, EV 75.0 MPH) (infield hit)
Batting: RHB William Kelley 0-0: Ball
1-0: Grounds into double play, 4-6-3 (Groundball, 4, EV 78.1 MPH)
Bottom of the 2nd over - 0 runs, 1 hit, 0 errors, 0 left on base; Wausau 1 - Decatur 0
TOP OF THE 3RD
Wausau Timbers batting - Pitching for Decatur Commodores : LHP Rob Murphy
Batting: RHB John Nicolo 0-0: Ball
1-0: Fly out, F9 (Line Drive, 9, EV 96.9 MPH)
Batting: LHB Rodney Nealeigh 0-0: Foul Ball, location: 2F
0-1: Ground out 6-3 (Groundball, 6M, EV 83.1 MPH)
Batting: RHB Rich Renteria 0-0: Called Strike
0-1: Ball
1-1: Fly out, F9 (Flyball, 89M, EV 90.0 MPH)
Top of the 3rd over - 0 runs, 0 hits, 0 errors, 0 left on base; Wausau 1 - Decatur 0
BOTTOM OF THE 3RD
Decatur Commodores batting - Pitching for Wausau Timbers : LHP Karl Steffen
Batting: RHB Rafael Sanchez 0-0: Ball
1-0: Called Strike
1-1: Fly out, F8 (Flyball, 89D, EV 91.3 MPH)
Batting: RHB Donald Johnson 0-0: Ball
1-0: Ball
2-0: Called Strike
2-1: Ball
3-1: DOUBLE (Flyball, 9D, EV 93.8 MPH)
Batting: LHB Alexis Marte 0-0: Ball
1-0: Ball
2-0: Ball
3-0: Called Strike
3-1: Called Strike
3-2: Ground out U3 (Groundball, 34S, EV 87.5 MPH)
Donald Johnson to third
Batting: SHB Roger Holt 0-0: Ball
1-0: Ball
2-0: Ball
3-0: Base on Balls
Batting: SHB Rondin Johnson 0-0: Ball
1-0: Called Strike
1-1: Foul Ball, location: 2F
1-2: Foul Ball, location: 2F
1-2: Fly out, F9 (Flyball, 9LS, EV 97.5 MPH)
Bottom of the 3rd over - 0 runs, 1 hit, 0 errors, 2 left on base; Wausau 1 - Decatur 0
TOP OF THE 4TH
Wausau Timbers batting - Pitching for Decatur Commodores : LHP Rob Murphy
Batting: SHB James Flores 0-0: Foul Ball, location: 2F
0-1: Foul Ball, location: 2F
0-2: Ball
1-2: SINGLE (Popup, 4D, EV 59.4 MPH)
Batting: RHB Douglas Davis 0-0: Called Strike
0-1: Grounds into double play, 6-4-3 (Groundball, 6D, EV 98.1 MPH)
Batting: RHB Bruce Chaney 0-0: Called Strike
0-1: SINGLE (Groundball, 6MD, EV 107.5 MPH)
Batting: RHB Jeffrey Young 0-0: Ground out 4-3 (Groundball, 4, EV 111.9 MPH)
Top of the 4th over - 0 runs, 2 hits, 0 errors, 1 left on base; Wausau 1 - Decatur 0
BOTTOM OF THE 4TH
Decatur Commodores batting - Pitching for Wausau Timbers : LHP Karl Steffen
Batting: LHB David Showalter 0-0: Ball
1-0: Ball
2-0: Ball
3-0: Called Strike
3-1: Called Strike
3-2: Base on Balls
Batting: RHB Miguelito DeLaCruz 0-0: Ball
1-0: Fly out, F8 (Flyball, 89D, EV 101.9 MPH)
Batting: LHB Jerry Miller 0-0: Ball
1-0: Called Strike
1-1: Grounds into double play, 6-4-3 (Groundball, 56, EV 85.6 MPH)
Bottom of the 4th over - 0 runs, 0 hits, 0 errors, 0 left on base; Wausau 1 - Decatur 0
TOP OF THE 5TH
Wausau Timbers batting - Pitching for Decatur Commodores : LHP Rob Murphy
Batting: RHB John Pignotti 0-0: Ball
1-0: Foul Ball, location: 2F
1-1: Foul Ball, location: 2F
1-2: SINGLE (Flyball, 34D, EV 93.8 MPH)
Batting: LHB Jerry Morton 0-0: Called Strike
0-1: Bunt missed!
0-2: Ball
1-2: Ball
2-2: DOUBLE (Flyball, 3D, EV 91.9 MPH)
John Pignotti to third
Batting: RHB John Nicolo 0-0: Called Strike
0-1: Ball
1-1: Swinging Strike
1-2: Ground out 4-3 (Groundball, 4, EV 89.4 MPH)
John Pignotti scores
Jerry Morton to third
Batting: LHB Rodney Nealeigh 0-0: Ball
1-0: Fly out, F7 (Flyball, 7LD, EV 79.4 MPH)
Runner from 3rd tags up, SCORES, no throw by LF
Batting: RHB Rich Renteria 0-0: Called Strike
0-1: Fly out, F8 (Flyball, 8RM, EV 97.5 MPH)
Top of the 5th over - 2 runs, 2 hits, 0 errors, 0 left on base; Wausau 3 - Decatur 0
BOTTOM OF THE 5TH
Decatur Commodores batting - Pitching for Wausau Timbers : LHP Karl Steffen
Batting: RHB William Kelley 0-0: Called Strike
0-1: Fly out, F8 (Flyball, 8LD, EV 98.8 MPH)
Batting: RHB Rafael Sanchez 0-0: Called Strike
0-1: Ball
1-1: Ball
2-1: Ball
3-1: Base on Balls
Batting: RHB Donald Johnson 0-0: Foul Ball, location: 2F
0-1: Grounds into double play, 6-4-3 (Groundball, 6M, EV 97.5 MPH)
Bottom of the 5th over - 0 runs, 0 hits, 0 errors, 0 left on base; Wausau 3 - Decatur 0
TOP OF THE 6TH
Wausau Timbers batting - Pitching for Decatur Commodores : LHP Rob Murphy
Batting: SHB James Flores 0-0: Ball
1-0: Fly out, F9 (Flyball, 89D, EV 83.1 MPH)
Batting: RHB Douglas Davis 0-0: Called Strike
0-1: Called Strike
0-2: Strikes out swinging
Batting: RHB Bruce Chaney 0-0: Swinging Strike
0-1: Reached on error, E4 (Flyball, 4MD, EV 80.0 MPH)
Batting: RHB Jeffrey Young 0-0: Ball
1-0: Ball
Bruce Chaney is caught stealing 2nd base 2-4
Top of the 6th over - 0 runs, 0 hits, 1 error, 0 left on base; Wausau 3 - Decatur 0
BOTTOM OF THE 6TH
Decatur Commodores batting - Pitching for Wausau Timbers : LHP Karl Steffen
Batting: LHB Alexis Marte 0-0: Called Strike
0-1: Called Strike
0-2: Strikes out looking
Batting: SHB Roger Holt 0-0: Called Strike
0-1: Fly out, F9 (Flyball, 9LS, EV 97.5 MPH)
Batting: SHB Rondin Johnson 0-0: Swinging Strike
0-1: Ball
1-1: Foul Ball, location: 2F
1-2: Foul Ball, location: 2F
1-2: Ground out 5-3 (Groundball, 56S, EV 90.6 MPH)
Bottom of the 6th over - 0 runs, 0 hits, 0 errors, 0 left on base; Wausau 3 - Decatur 0
TOP OF THE 7TH
Wausau Timbers batting - Pitching for Decatur Commodores : LHP Rob Murphy
Batting: RHB Jeffrey Young 0-0: Foul Ball, location: 2F
0-1: Called Strike
0-2: Ball
1-2: Strikes out swinging
Batting: RHB John Pignotti 0-0: Foul Ball, location: 2F
0-1: Ball
1-1: Ground out 2-3 (Groundball, 2L, EV 67.5 MPH)
Batting: LHB Jerry Morton 0-0: Called Strike
0-1: Foul Ball, location: 2F
0-2: Ball
1-2: Ball
2-2: Ball
3-2: Base on Balls
Pitching: RHP Peyton Mosher
Batting: RHB John Nicolo 0-0: Ball
1-0: Ball
2-0: Ground out 5-3 (Groundball, 56, EV 102.5 MPH)
Top of the 7th over - 0 runs, 0 hits, 0 errors, 1 left on base; Wausau 3 - Decatur 0
BOTTOM OF THE 7TH
Decatur Commodores batting - Pitching for Wausau Timbers : LHP Karl Steffen
Batting: LHB David Showalter 0-0: Called Strike
0-1: Ball
1-1: Foul Ball, location: 2F
1-2: Foul Ball, location: 2F
1-2: Foul Ball, location: 2F
1-2: Ground out 1-3 (Groundball, P, EV 75.6 MPH)
Batting: RHB Miguelito DeLaCruz 0-0: Called Strike
0-1: Swinging Strike
0-2: Foul Ball, location: 2F
0-2: DOUBLE (Line Drive, 9LS, EV 96.3 MPH)
Batting: LHB Jerry Miller 0-0: Ball
1-0: Called Strike
1-1: Ball
2-1: Ball
3-1: Fly out, F7 (Line Drive, 7, EV 86.3 MPH)
Batting: RHB William Kelley 0-0: Ball
1-0: Foul Ball, location: 2F
1-1: Ball
2-1: Ball
3-1: Foul Ball, location: 2F
3-2: SINGLE (Groundball, 34S, EV 95.0 MPH)
Miguelito DeLaCruz to third
Miguelito DeLaCruz scores
Batting: RHB Rafael Sanchez 0-0: Swinging Strike
0-1: Foul Ball, location: 2F
0-2: Foul Ball, location: 2F
0-2: Ball
1-2: Fly out, F7 (Flyball, 78S, EV 86.9 MPH)
Bottom of the 7th over - 1 run, 2 hits, 0 errors, 1 left on base; Wausau 3 - Decatur 1
TOP OF THE 8TH
Wausau Timbers batting - Pitching for Decatur Commodores : RHP Peyton Mosher
Batting: LHB Rodney Nealeigh 0-0: Ball
1-0: Ball
2-0: Called Strike
2-1: Ball
3-1: Base on Balls
Batting: RHB Rich Renteria 0-0: Foul Ball, location: 2F
0-1: Fly out, F8 (Flyball, 8RD, EV 109.4 MPH)
Batting: SHB James Flores 0-0: Called Strike
Rodney Nealeigh steals 2nd base
0-1: Ball
1-1: Foul Ball, location: 2F
1-2: Ball
2-2: Foul Ball, location: 2F
2-2: Foul Ball, location: 2F
2-2: SINGLE (Line Drive, 7S, EV 98.8 MPH)
Rodney Nealeigh to third
Runner from 3rd tries for Home, SAFE, throw by LF to home
Batting: RHB Douglas Davis 0-0: SINGLE (Groundball, 56D, EV 106.3 MPH)
James Flores to second
Batting: RHB Bruce Chaney 0-0: Called Strike
0-1: DOUBLE (Line Drive, 78XD, EV 96.3 MPH)
James Flores scores
Douglas Davis to third
Runner from 3rd tries for Home, SAFE, no throw by LF
Batting: RHB Jeffrey Young 0-0: Called Strike
Bruce Chaney steals 3rd, throwing error, E2
Bruce Chaney scores
0-1: Ball
1-1: Fly out, F7 (Flyball, 7LM, EV 105.6 MPH)
Batting: RHB John Pignotti 0-0: Ball
1-0: Ball
2-0: Foul Ball, location: 2F
2-1: Fly out, F7 (Flyball, 7D, EV 95.6 MPH)
Top of the 8th over - 4 runs, 3 hits, 1 error, 0 left on base; Wausau 7 - Decatur 1
BOTTOM OF THE 8TH
Decatur Commodores batting - Pitching for Wausau Timbers : LHP Karl Steffen
Batting: RHB Donald Johnson 0-0: Swinging Strike
0-1: Called Strike
0-2: Strikes out looking
Batting: LHB Alexis Marte 0-0: Ball
1-0: Ball
2-0: Called Strike
2-1: Ball
3-1: Swinging Strike
3-2: Foul Ball, location: 2F
3-2: Strikes out looking
Batting: SHB Roger Holt 0-0: Ball
1-0: Swinging Strike
1-1: Ball
2-1: Ball
3-1: Base on Balls
Pitching: RHP Robert Tenenini
Batting: SHB Rondin Johnson 0-0: Ball
1-0: Ball
2-0: Called Strike
2-1: Foul Ball, location: 2F
2-2: Foul Ball, location: 2F
2-2: Ground out 5-3 (Groundball, 56S, EV 80.0 MPH)
Bottom of the 8th over - 0 runs, 0 hits, 0 errors, 1 left on base; Wausau 7 - Decatur 1
TOP OF THE 9TH
Wausau Timbers batting - Pitching for Decatur Commodores : RHP Peyton Mosher
Batting: LHB Jerry Morton 0-0: Swinging Strike
0-1: Ball
1-1: Ball
2-1: Called Strike
2-2: Ball
3-2: Ground out 4-3 (Groundball, 4, EV 92.5 MPH)
Batting: RHB John Nicolo 0-0: Fly out, F7 (Flyball, 7S, EV 76.3 MPH)
Batting: LHB Rodney Nealeigh 0-0: Ground out 5-3 (Groundball, 56, EV 86.9 MPH)
Top of the 9th over - 0 runs, 0 hits, 0 errors, 0 left on base; Wausau 7 - Decatur 1
BOTTOM OF THE 9TH
Decatur Commodores batting - Pitching for Wausau Timbers : RHP Robert Tenenini
Batting: LHB David Showalter 0-0: Ball
1-0: Ball
2-0: Called Strike
2-1: Ball
3-1: Base on Balls
Batting: RHB Miguelito DeLaCruz 0-0: Ball
1-0: Ball
2-0: Called Strike
2-1: Foul Ball, location: 2F
2-2: Ball
3-2: Base on Balls
David Showalter to second
Batting: LHB Jerry Miller 0-0: Ball
1-0: Called Strike
1-1: Ground out 6-3 (Groundball, 6S, EV 75.0 MPH)
David Showalter to third
Miguelito DeLaCruz to second
Batting: RHB William Kelley 0-0: Fly out, F8 (Flyball, 78D, EV 82.5 MPH)
Runner from 3rd tags up, SCORES, no throw by CF
Pitching: RHP Rafael Ramirez
Batting: RHB Rafael Sanchez 0-0: Ground out 6-3 (Groundball, 56D, EV 88.1 MPH)
Bottom of the 9th over - 1 run, 0 hits, 0 errors, 1 left on base; Wausau 7 - Decatur 2
Monday, August 3rd, 2020 - OOTP Baseball 21.5 Build 76